 Dungeon Crawl Stone Soup version 0.31-a0-1626-g5cb510d322 (console) character file.

Game seed: 8863840097426152096

165750 jejorda2 the Cleaver (level 17, -3/137 HPs)
             Began as a Gnoll Berserker on Jan 12, 2024.
             Was a High Priest of Trog.
             Hit by a boomerang thrown by a merfolk (16 damage)
             ... on level 1 of the Shoals.
             The game lasted 01:41:57 (27637 turns).

jejorda2 the Cleaver (Gnoll Berserker)             Turns: 27637, Time: 01:41:57

Health: -3/137     AC: 34    Str: 20    XL:     17   Next: 88%
Magic:  42/42      EV: 12    Int: 23    God:    Trog [*****.]
Gold:   2906       SH: 12    Dex: 12    Spells: 40/40 levels left

rFire   + + .        a - +4 broad axe (heavy)
rCold   + . .        U - +0 kite shield
rNeg    . . .        h - +5 chain mail "Cots" {rPois}
rPois   +            z - +2 helmet "Fiphie" {+Blink rF+ Will- Regen+}
rElec   +            i - +2 cloak {Will+}
rCorr   .            O - +2 pair of gloves {Stlth+}
SInv    .            n - +1 pair of boots of the Demon Prince {Fly}
Will    ++...        e - amulet "Bopiewak" {Faith rElec Str-4 Int+4 Stlth+}
Stlth   +++          r - ring "Cycel" {rF+ AC+4 Int+6 Stlth-}
HPRegen 1.22/turn    A - ring of Xom's Passing Interest {*Slow rC+ Will+ MP+9 Int+6}
MPRegen 0.28/turn

%: slow self (1%), faith
@: on berserk cooldown, flying, slowed, very slow
A: fangs 1, strong nose, distributed training
a: Renounce Religion, Evoke Blink, Berserk, Trog's Hand, Brothers in Arms


You were on level 1 of the Shoals.
You worshipped Trog.
Trog was extremely pleased with you.
You visited 5 branches of the dungeon, and saw 24 of its levels.
You also visited: Trove, Bailey, Gauntlet, Ice Cave and Volcano.

You collected 4614 gold pieces.
You spent 1708 gold pieces at shops.

Inventory:

Hand Weapons
 a - a +4 heavy broad axe (weapon)
 b - the +3 demon blade of Trog's Benevolence {flame, Will+}
   (Trog gifted it to you on level 12 of the Dungeon)

   Will+:     It increases your willpower.
Missiles
 o - a throwing net
 q - 29 boomerangs (quivered)
 x - 2 curare-tipped darts
 y - 47 poisoned darts
 G - 4 atropa-tipped darts
 K - 4 silver javelins
 M - 6 javelins
Armour
 h - the +5 chain mail "Cots" (worn) {rPois}
   (You found it in a treasure trove)

   rPois:     It protects you from poison
 i - a +2 cloak of willpower (worn)
 n - the +1 pair of boots of the Demon Prince (worn) {Fly}
   (You found it in a treasure trove)

   Fly:       It grants you flight.
 z - the +2 helmet "Fiphie" (worn) {+Blink rF+ Will- Regen+}
   (You found it on level 5 of the Dungeon)

   rF+:       It protects you from fire.
   Will-:     It decreases your willpower.
   +Blink:    It lets you blink.
   Regen+:    It increases your rate of health regeneration.
 O - a +2 pair of gloves of stealth (worn)
 U - a +0 kite shield (worn)
Jewellery
 e - the amulet "Bopiewak" (around neck) {Faith rElec Str-4 Int+4 Stlth+}
   (You found it in a Gauntlet)

   [amulet of faith]

   Faith:     It allows you to gain divine favour quickly.
   Str-4:     It affects your strength (-4).
   Int+4:     It affects your intelligence (+4).
   rElec:     It insulates you from electricity.
   Stlth+:    It makes you more stealthy.
 m - a ring of flight
 r - the ring "Cycel" (left hand) {rF+ AC+4 Int+6 Stlth-}
   (You found it in a Gauntlet)

   [ring of protection]

   AC+4:      It affects your AC (+4).
   Int+6:     It affects your intelligence (+6).
   rF+:       It protects you from fire.
   Stlth-:    It makes you less stealthy.
 A - the ring of Xom's Passing Interest (right hand) {*Slow rC+ Will+ MP+9 Int+6}
   (You found it in a Gauntlet)

   [ring of intelligence]

   Int+6:     It affects your intelligence (+6).
   rC+:       It protects you from cold.
   Will+:     It increases your willpower.
   MP+9:      It affects your magic capacity (+9).
   *Slow:     It may slow you when you take damage.
 B - a ring of see invisible
 J - a ring of positive energy
Wands
 d - a wand of mindburst (12)
 C - a wand of roots (3)
 D - a wand of charming (10)
 N - a wand of polymorph (9)
 P - a wand of flame (20)
 R - a wand of light (5)
Scrolls
 c - 2 scrolls of identify
 l - 3 scrolls of blinking
 p - 11 scrolls of teleportation
 v - 6 scrolls of fear
 H - a scroll of immolation
 T - a scroll of fog
Potions
 f - 4 potions of ambrosia
 g - 2 potions of curing
 j - 2 potions of enlightenment
 k - 5 potions of attraction
 s - 4 potions of might
 t - 8 potions of mutation
 u - 9 potions of haste
 w - 4 potions of invisibility
 E - 3 potions of cancellation
 F - 5 potions of resistance
 I - a potion of heal wounds
Miscellaneous
 L - a tin of tremorstones (1/2)
 Q - a sack of spiders
 S - a lightning rod (4/4)


   Skills:
 + Level 13.6 Fighting
 + Level 12.0 Short Blades
 + Level 12.0 Long Blades
 + Level 13.6 Axes
 + Level 12.0 Maces & Flails
 + Level 12.0 Polearms
 + Level 12.0 Staves
 + Level 12.0 Ranged Weapons
 + Level 12.0 Throwing
 + Level 12.8 Armour
 + Level 12.8 Dodging
 + Level 12.0 Stealth
 + Level 12.0 Shields
 + Level 12.0 Unarmed Combat
 + Level 12.0 Spellcasting
 + Level 10.2 Conjurations
 + Level 10.2 Hexes
 + Level 10.2 Summonings
 + Level 10.2 Necromancy
 + Level 10.2 Translocations
 + Level 10.2 Fire Magic
 + Level 10.2 Ice Magic
 + Level 10.2 Air Magic
 + Level 10.2 Earth Magic
 + Level 10.2 Alchemy
 + Level 13.0 Invocations
 + Level 12.0 Evocations
 + Level 11.1 Shapeshifting


You had 40 spell levels left.
You didn't know any spells.
Your spell library was empty.

Dungeon Overview and Level Annotations

Branches:
Dungeon (15/15)            Temple (0/1) D:4            Lair (5/5) D:11
 Shoals (1/4) Lair:3       Spider (1/4) Lair:2        Slime (0/5) Lair:4
    Orc (2/2) D:9             Elf (0/3) Orc:2        Vaults (0/5) D:14
 Depths (0/4) D:15         Bailey (visited)           IceCv (visited)
Volcano (visited)         Gauntlet (visited)

Altars:
Ashenzari
Cheibriados
Dithmenos
Fedhas
Gozag
Kikubaaqudgha
Makhleb
Nemelex Xobeh
Okawaru
Qazlal
Sif Muna
Trog
Uskayaw
Xom
Yredelemnul
The Shining One
Jiyva

Shops:
D:4 ?   D:6 [!?(:   D:11 [   Orc:1 (   Orc:2 [:!


Innate Abilities, Weirdness & Mutations

You have very sharp teeth.
Your uncanny sense of smell can sniff out nearby items.
Your experience applies equally to all skills.


Message History

You barely miss the merfolk.
The merfolk is almost dead.
You slice Roxanne!! You block the merfolk's attack.
The merfolk impaler hits you but does no damage.
The merfolk closely misses you.
The merfolk hits you from afar with a +0 trident.
The merfolk impaler closely misses you. The merfolk barely misses you.
You slice Roxanne!!
Roxanne is almost destroyed.
You slice the merfolk!!
You kill the merfolk!
Trog accepts your kill. You block the merfolk's attack.
The merfolk impaler barely misses you.
Roxanne casts a spell.
The bolt of magma hits you!! You partially resist.
* * * LOW HITPOINT WARNING * * *
You block the merfolk impaler's attack. You block the merfolk's attack.
The merfolk impaler hits you but does no damage.
You block the merfolk's attack.
The merfolk impaler hits you with a +5 heavy trident!
* * * LOW HITPOINT WARNING * * *
You block the merfolk's attack.
You slice the merfolk impaler!!
The merfolk impaler is moderately wounded.
You hit Roxanne but do no damage.
The merfolk impaler hits you but does no damage.
Roxanne says, "At least I didn't end up somewhere with nobody to talk to."
The merfolk hits you from afar with a +0 trident!
* * * LOW HITPOINT WARNING * * *
You feel as though you will be slow longer.
The merfolk impaler closely misses you. The merfolk misses you.
You slice the merfolk impaler!!
The merfolk impaler is heavily wounded.
You slice Roxanne!!
You destroy Roxanne!
Trog accepts your kill.
Trog appreciates your killing of a magic user.
You block the merfolk impaler's attack.
The merfolk throws a boomerang.
The boomerang hits you!
You die...

..###...###..~~≈≈≈≈≈≈≈≈~.
..##.....#..~~≈≈≈≈≈≈~...~
.........(..~~~~~~.......
......###....~~~.........
###..## #................
# #..# ##................
###..###...~....)m.......
..........~~....%m.......
~~~.......~~....@........
~~~~~~.~..~~~~.........$.
~~~~~~~..~~~~~~~~~......~
~~~~~~~~..~≈≈≈~~~~~~~~~~~
≈≈~~~~~~~..≈≈≈≈≈≈≈≈≈≈~~~≈
≈≈≈≈≈~~~~~~≈≈≈≈≈≈≈≈≈≈≈≈≈≈
≈≈≈≈≈≈≈≈≈≈≈≈≈≈≈≈≈≈≈≈≈≈≈≈≈
≈≈≈≈≈≈≈≈≈≈≈≈≈≈≈≈≈≈≈≈≈≈≈≈
≈≈≈≈≈≈≈≈≈≈≈≈≈≈≈≈≈≈≈≈≈≈≈≈


You could see a merfolk impaler and a merfolk.

Vanquished Creatures
  Rupert (D:13)
  Kirke (D:13)
  Roxanne (Shoals:1)
  A reaper (IceCv)
  A broodmother (Lair:2)
  A minotaur (Gauntlet)
  A fire dragon (D:12)
  A quicksilver dragon zombie (D:15)
  A sphinx zombie (D:15)
  6 vault guards (D:14)
  5 ogre magi
  A jorogumo (Lair:2)
  8 two-headed ogres
  6 hydras
  A catoblepas (D:13)
  3 centaur warriors
  5 boulder beetles
  A merfolk aquamancer (Shoals:1)
  A tengu warrior (D:14)
  12 death yaks
  2 death scarabs (Gauntlet)
  A hell hog (Volcano)
  A demonic crawler (Lair:2)
  6 orc high priests
  A vampire mage (D:15)
  A wretched star (Gauntlet)
  3 skeletal warriors (D:15)
  Lodul (D:13)
  4 skysharks
  4 sea snakes (Shoals:1)
  An arcanist (D:12)
  4 harpies (Shoals:1)
  4 orc knights
  A phantasmal warrior (D:12)
  Pikel (D:9)
  6 deep elf pyromancers
  2 lindwurms
  4 wolf spiders
  A necromancer (D:15)
  2 oklob plants
  11 ugly things
  A faun (Shoals:1)
  5 manticores
  5 merfolk sirens
  9 cyclopes
  4 torpor snails
  An ice statue (IceCv)
  2 molten gargoyles (Volcano)
  A guardian serpent (Lair:5)
  15 cane toads
  3 unseen horrors
  6 black mambas
  A gargoyle (D:11)
  8 kobold demonologists
  Maggie (D:9)
  13 komodo dragons
  A rime drake (Lair:3)
  2 efreet
  2 anaconda simulacra (IceCv)
  A guardian mummy (D:14)
  2 ice devils (IceCv)
  7 trolls
  Psyche (D:12)
  6 merfolk
  A hornet (shapeshifter) (D:15)
  A polar bear (Lair:5)
  22 blink frogs
  3 tarantellas (Lair:2)
  4 hornets
  12 slime creatures
  A centaur simulacrum (D:15)
  65 yaks
  4 water elementals (Shoals:1)
  5 shadows
  A culicivora (Lair:2)
  Eustachio (D:4)
  2 hogs (D:13)
  2 fire bats (Volcano)
  2 wraiths
  12 wyverns
  5 humans (D:14)
  A dire elephant simulacrum (IceCv)
  17 vampire mosquitoes
  2 neqoxecs (Gauntlet)
  4 redbacks
  3 steam dragons
  7 basilisks
  8 wargs
  4 death yak simulacra
  2 hell hounds (Volcano)
  An acid dragon (D:12)
  2 harpy simulacra (IceCv)
  21 water moccasins
  A swamp drake (D:9)
  18 orc warriors
  2 laughing skulls (D:15)
  A black bear (D:5)
  16 wolves
  An ice beast (D:5)
  18 ogres
  An ogre (shapeshifter) (D:14)
  9 centaurs
  A phantom (D:7)
  7 kobold brigands
  16 bullfrogs
  3 gnoll sergeants (D:12)
  9 two-headed ogre simulacra (IceCv)
  6 scorpions
  A cane toad simulacrum (IceCv)
  9 wights
  4 elephant simulacra
  8 killer bees
  5 howler monkeys
  An electric eel (Lair:2)
  5 lava snakes
  4 hounds
  7 jellies
  32 orc priests
  A gnoll bouda (D:6)
  2 sleepcaps
  3 iguanas
  29 orc wizards
  3 polar bear simulacra
  4 troll simulacra (IceCv)
  A spriggan simulacrum (IceCv)
  4 adders
  14 gnolls
  8 naga simulacra (IceCv)
  5 white imps (IceCv)
  9 ufetubi
  5 dart slugs
  3 ribbon worms
  98 orcs
  8 bats
  15 endoplasms
  5 goblins
  4 hobgoblins (D:4)
  3 jackals (D:1)
  7 quokkas
  5 ball pythons
  A frilled lizard (D:1)
  34 kobolds
  A rat (D:1)
888 creatures vanquished.

Vanquished Creatures (collateral kills)
  A spectral hydra (Gauntlet)
  A spectral boulder beetle (Gauntlet)
  A freezing wraith (D:12)
  A spectral fire crab (Gauntlet)
  A small abomination (Gauntlet)
  An orc priest (Orc:1)
  An orc (Orc:1)
7 creatures vanquished.

Vanquished Creatures (others)
  A black mamba (Lair:5)
  A human (D:14)
2 creatures vanquished.

Grand Total: 897 creatures vanquished

Notes
Turn   | Place    | Note
-------+----------+-------------------------------------------
     0 | D:1      | jejorda2 the Gnoll Berserker began the quest for the Orb.
     0 | D:1      | Reached XP level 1. HP: 23/23 MP: 1/1
    97 | D:1      | Reached XP level 2. HP: 23/29 MP: 2/2
   379 | D:1      | Reached ** piety under Trog
   455 | D:1      | Reached XP level 3. HP: 34/35 MP: 3/3
   983 | D:2      | Reached skill level 1 in Invocations
  1899 | D:3      | Reached skill level 1 in Short Blades
  1899 | D:3      | Reached skill level 1 in Long Blades
  1899 | D:3      | Reached skill level 1 in Maces & Flails
  1899 | D:3      | Reached skill level 1 in Polearms
  1899 | D:3      | Reached skill level 1 in Staves
  1899 | D:3      | Reached skill level 1 in Ranged Weapons
  1899 | D:3      | Reached skill level 1 in Throwing
  1899 | D:3      | Reached skill level 1 in Stealth
  1899 | D:3      | Reached skill level 1 in Shields
  1899 | D:3      | Reached skill level 1 in Unarmed Combat
  1899 | D:3      | Reached skill level 1 in Spellcasting
  1899 | D:3      | Reached skill level 1 in Evocations
  1899 | D:3      | Reached skill level 1 in Shapeshifting
  1899 | D:3      | Reached XP level 4. HP: 41/41 MP: 5/5
  1944 | D:3      | Reached skill level 1 in Conjurations
  1944 | D:3      | Reached skill level 1 in Hexes
  1944 | D:3      | Reached skill level 1 in Summonings
  1944 | D:3      | Reached skill level 1 in Necromancy
  1944 | D:3      | Reached skill level 1 in Translocations
  1944 | D:3      | Reached skill level 1 in Fire Magic
  1944 | D:3      | Reached skill level 1 in Ice Magic
  1944 | D:3      | Reached skill level 1 in Air Magic
  1944 | D:3      | Reached skill level 1 in Earth Magic
  1944 | D:3      | Reached skill level 1 in Alchemy
  2356 | D:3      | Found a snail-covered altar of Cheibriados.
  2357 | D:3      | Found a sparkling altar of Nemelex Xobeh.
  2358 | D:3      | Found a glowing golden altar of the Shining One.
  2358 | D:3      | Found a bloodstained altar of Trog.
  2380 | D:3      | Found a blossoming altar of Fedhas.
  2381 | D:3      | Found an iron altar of Okawaru.
  2382 | D:3      | Found a basalt altar of Yredelemnul.
  2560 | D:4      | Noticed a scorpion
  2577 | D:4      | Killed a scorpion
  2578 | D:4      | Reached XP level 5. HP: 37/47 MP: 5/7
  2745 | D:4      | Found Naed's Magic Scroll Emporium.
  2788 | D:4      | Reached XP level 6. HP: 16/53 MP: 8/8
  2794 | D:4      | Bought a scroll of brand weapon for 104 gold pieces
  2794 | D:4      | Bought a scroll of identify for 22 gold pieces
  2999 | D:4      | Found a shimmering blue altar of Sif Muna.
  2999 | D:4      | Found a bloodstained altar of Trog.
  2999 | D:4      | Found a stormy altar of Qazlal.
  2999 | D:4      | Found a shimmering blue altar of Sif Muna.
  2999 | D:4      | Found a shimmering altar of Xom.
  2999 | D:4      | Found a bloodstained altar of Trog.
  3004 | D:4      | Reached skill level 5 in Armour
  3004 | D:4      | Reached skill level 5 in Dodging
  3110 | D:4      | Noticed Eustachio
  3131 | D:4      | Killed Eustachio
  3132 | D:4      | Reached XP level 7. HP: 15/60 MP: 10/10
  3274 | D:4      | Found a staircase to the Ecumenical Temple.
  3338 | D:4      | Reached *** piety under Trog
  3360 | D:4      | Found an ancient bone altar of Kikubaaqudgha.
  3624 | D:4      | Found a shimmering altar of Xom.
  3959 | D:5      | Entered Level 5 of the Dungeon
  4219 | D:5      | Reached XP level 8. HP: 44/67 MP: 12/12
  4881 | D:5      | Identified the +2 helmet "Fiphie" {+Blink rF+ Will- Regen+}
  5385 | D:6      | Found an opulent altar of Gozag.
  5398 | D:6      | Found Widottugh's Antique Weapon Shop.
  5442 | D:6      | Found Yfiding's Magic Scroll Shoppe.
  5447 | D:6      | Bought a scroll of fear for 52 gold pieces
  5447 | D:6      | Bought a scroll of teleportation for 39 gold pieces
  5466 | D:6      | Found a hide-covered altar of Uskayaw.
  5552 | D:6      | Found Uqiunoch's Distillery.
  5586 | D:6      | Bought a potion of cancellation for 104 gold pieces
  5628 | D:6      | Found Hussyen's Book Boutique.
  5719 | D:6      | Reached **** piety under Trog
  5786 | D:6      | Reached XP level 9. HP: 68/73 MP: 14/14
  5896 | D:6      | Found a burning altar of Makhleb.
  5898 | D:6      | Noticed a cacodemon
  6144 | D:6      | Found Tacezec's Antique Armour Shop.
  6914 | D:7      | Found a stormy altar of Qazlal.
  6914 | D:7      | Found a broken altar of Ashenzari.
  7045 | D:8      | Reached skill level 5 in Invocations
  7083 | D:8      | Reached skill level 5 in Short Blades
  7083 | D:8      | Reached skill level 5 in Long Blades
  7083 | D:8      | Reached skill level 5 in Maces & Flails
  7083 | D:8      | Reached skill level 5 in Polearms
  7083 | D:8      | Reached skill level 5 in Staves
  7083 | D:8      | Reached skill level 5 in Ranged Weapons
  7083 | D:8      | Reached skill level 5 in Throwing
  7083 | D:8      | Reached skill level 5 in Stealth
  7083 | D:8      | Reached skill level 5 in Shields
  7083 | D:8      | Reached skill level 5 in Unarmed Combat
  7083 | D:8      | Reached skill level 5 in Spellcasting
  7083 | D:8      | Reached skill level 5 in Evocations
  7083 | D:8      | Reached XP level 10. HP: 48/81 MP: 17/17
  7089 | D:8      | Found a shadowy altar of Dithmenos.
  7128 | D:8      | Found a flagged portal.
  7157 | Bailey   | Entered a bailey
  7269 | Bailey   | Noticed an orc knight
  7352 | Bailey   | Killed an orc knight
  7813 | D:8      | Reached skill level 5 in Shapeshifting
  7996 | D:6      | Bought a runed chain mail for 232 gold pieces
  8079 | D:9      | Reached ***** piety under Trog
  8154 | D:9      | Noticed a kobold demonologist
  8164 | D:9      | Noticed a smoke demon
  8166 | D:9      | Killed a kobold demonologist
  8171 | D:9      | Noticed a kobold demonologist
  8171 | D:9      | Noticed a kobold demonologist
  8176 | D:9      | Noticed a kobold demonologist
  8177 | D:9      | Noticed a rust devil
  8179 | D:9      | Killed a kobold demonologist
  8182 | D:9      | Noticed a smoke demon
  8183 | D:9      | Killed a kobold demonologist
  8199 | D:9      | Noticed a soul eater
  8203 | D:9      | Killed a kobold demonologist
  8312 | D:9      | Reached skill level 5 in Conjurations
  8312 | D:9      | Reached skill level 5 in Hexes
  8312 | D:9      | Reached skill level 5 in Summonings
  8312 | D:9      | Reached skill level 5 in Necromancy
  8312 | D:9      | Reached skill level 5 in Translocations
  8312 | D:9      | Reached skill level 5 in Fire Magic
  8312 | D:9      | Reached skill level 5 in Ice Magic
  8312 | D:9      | Reached skill level 5 in Air Magic
  8312 | D:9      | Reached skill level 5 in Earth Magic
  8312 | D:9      | Reached skill level 5 in Alchemy
  8322 | D:9      | Noticed a kobold demonologist
  8336 | D:9      | Reached XP level 11. HP: 82/89 MP: 20/20
  8375 | D:9      | Received a gift from Trog
  8403 | D:9      | Noticed Maggie
  8411 | D:9      | Killed Maggie
  8685 | D:9      | Noticed Pikel
  8701 | D:9      | Killed Pikel
  8754 | D:9      | Found a staircase to the Orcish Mines.
  8996 | D:10     | Entered Level 10 of the Dungeon
  9736 | D:11     | Found Cituink's Antique Armour Boutique.
  9908 | D:11     | Noticed a cyan ugly thing
  9917 | D:11     | Killed a cyan ugly thing
  9962 | D:11     | Found a staircase to the Lair.
 10036 | D:11     | Noticed a cyclops
 10061 | D:11     | Killed a cyclops
 10130 | D:11     | Reached XP level 12. HP: 97/97 MP: 22/22
 10441 | Lair:1   | Entered Level 1 of the Lair of Beasts
 10535 | Lair:1   | Reached skill level 10 in Fighting
 10535 | Lair:1   | Reached skill level 10 in Axes
 10586 | Lair:1   | Found a dark tunnel.
 10595 | Volcano  | Entered a volcano
 10759 | Volcano  | Found a burning altar of Makhleb.
 10797 | Volcano  | Noticed a hell hog
 10807 | Volcano  | Killed a hell hog
 11714 | Lair:2   | Noticed a death yak
 11714 | Lair:2   | Noticed a death yak
 11714 | Lair:2   | Noticed a death yak
 11715 | Lair:2   | Noticed a death yak
 11716 | Lair:2   | Noticed a death yak
 11717 | Lair:2   | Noticed a death yak
 11726 | Lair:1   | Killed a death yak
 11727 | Lair:1   | Reached XP level 13. HP: 82/104 MP: 25/25
 11907 | Lair:2   | Found a hole to the Spider Nest.
 11937 | Lair:2   | Received a gift from Trog
 12932 | Lair:3   | Reached skill level 10 in Armour
 12932 | Lair:3   | Reached skill level 10 in Dodging
 12978 | Lair:3   | Found a frozen archway.
 13001 | IceCv    | Entered an ice cave
 13079 | IceCv    | HP: 4/159 [anaconda simulacrum (11)]
 13830 | IceCv    | Received a gift from Trog
 14307 | IceCv    | Noticed a reaper
 14317 | IceCv    | Killed a reaper
 14400 | IceCv    | Identified the +6 great sword of Integrity {freeze, rF+
                  | Int+4 Stlth+}
 14979 | Lair:3   | Found a staircase to the Shoals.
 15016 | Lair:3   | Reached skill level 10 in Invocations
 15016 | Lair:3   | Reached XP level 14. HP: 84/113 MP: 27/27
 15790 | Lair:4   | Found a staircase to the Slime Pits.
 15793 | Lair:4   | Found a viscous altar of Jiyva.
 16903 | Lair:5   | Entered Level 5 of the Lair of Beasts
 17077 | D:11     | Bought a fine plate armour for 728 gold pieces
 17077 | D:11     | Identified the +0 plate armour of Disaster {rElec rF++
                  | rCorr Int-4} (You bought it in a shop on level 11 of the
                  | Dungeon)
 17079 | D:11     | Bought a pair of runed gloves for 195 gold pieces
 17300 | Lair:5   | Reached ****** piety under Trog
 17492 | Lair:5   | Received a gift from Trog
 18048 | Lair:5   | Reached skill level 10 in Short Blades
 18048 | Lair:5   | Reached skill level 10 in Long Blades
 18048 | Lair:5   | Reached skill level 10 in Maces & Flails
 18048 | Lair:5   | Reached skill level 10 in Polearms
 18048 | Lair:5   | Reached skill level 10 in Staves
 18048 | Lair:5   | Reached skill level 10 in Ranged Weapons
 18048 | Lair:5   | Reached skill level 10 in Throwing
 18048 | Lair:5   | Reached skill level 10 in Stealth
 18048 | Lair:5   | Reached skill level 10 in Shields
 18048 | Lair:5   | Reached skill level 10 in Unarmed Combat
 18048 | Lair:5   | Reached skill level 10 in Spellcasting
 18048 | Lair:5   | Reached skill level 10 in Evocations
 18309 | Lair:5   | Reached XP level 15. HP: 86/120 MP: 29/29
 18314 | Lair:5   | Reached XP level 16. HP: 98/127 MP: 30/30
 19008 | D:12     | Identified the +3 demon blade of Trog's Benevolence {flame,
                  | Will+} (Trog gifted it to you on level 12 of the Dungeon)
 19008 | D:12     | Received a gift from Trog
 19288 | D:12     | Noticed Psyche
 19418 | D:12     | Killed Psyche
 19587 | D:12     | Received a gift from Trog
 19915 | D:12     | Found a shimmering altar of Xom.
 20180 | D:13     | Found a gate leading to a gauntlet.
 20191 | Gauntlet | Entered a Gauntlet
 20191 | Gauntlet | Found a transporter.
 20200 | Gauntlet | Found a transporter.
 20220 | Gauntlet | Found a transporter.
 20220 | Gauntlet | Found a transporter.
 20235 | Gauntlet | Found a transporter.
 20250 | Gauntlet | Found a transporter.
 20254 | Gauntlet | Found a transporter.
 20257 | Gauntlet | Found a transporter.
 20288 | Gauntlet | Found a transporter.
 20305 | Gauntlet | Found a transporter.
 20317 | Gauntlet | Found a transporter.
 20333 | Gauntlet | Found a transporter.
 20415 | Gauntlet | Identified the staff "Jutyizud" {rC+ rN+ Stlth+ Necro}
 20417 | Gauntlet | Identified the amulet "Bopiewak" {Faith rElec Str-4 Int+4
                  | Stlth+}
 20443 | Gauntlet | Identified the ring "Cycel" {rF+ AC+4 Int+6 Stlth-}
 20466 | Gauntlet | Identified the ring of Xom's Passing Interest {*Slow rC+
                  | Will+ MP+9 Int+6}
 20553 | Gauntlet | Identified the +3 shortbow of Cowardice {speed, Int+3
                  | Stlth+}
 20567 | Gauntlet | Reached skill level 10 in Shapeshifting
 20755 | D:13     | Found a broken altar of Ashenzari.
 21072 | D:13     | Noticed Rupert
 21096 | D:13     | Killed Rupert
 21247 | D:13     | Noticed Kirke
 21261 | D:13     | Killed Kirke
 21313 | D:13     | Noticed Lodul
 21316 | D:13     | Killed Lodul
 22559 | D:14     | Found a portal to a secret trove of treasure.
 22614 | D:14     | You paid a toll of 3 scrolls of blinking to enter a
                  | treasure trove
 22615 | Trove    | Entered a treasure trove
 22622 | Trove    | Identified the +2 robe of the Midnight Sun {Harm Rampage
                  | +Blink}
 22627 | Trove    | Identified the +5 chain mail "Cots" {rPois}
 22639 | Trove    | Identified the +2 robe of Hyg Ares {Regen+ Str+3 Int-3}
 22650 | Trove    | Identified the +0 plate armour of the Everdark {rElec}
 22652 | Trove    | Identified the +2 robe of Agnosticism {rPois rCorr SInv
                  | Stlth-}
 22653 | Trove    | Identified the +0 hat of Qobbebro {rC+ rCorr}
 22655 | Trove    | Identified the +1 scale mail "Ranaupue" {Stlth+}
 22656 | Trove    | Identified the +1 pair of boots of the Demon Prince {Fly}
 22667 | Trove    | Identified the scarf "Zoetuines" {harm, Rampage rC+ MP+9}
 22669 | Trove    | Identified the orb of Youthful Indiscretion {*Rage, Rampage
                  | Int+2}
 22870 | D:14     | Reached XP level 17. HP: 135/135 MP: 32/32
 23015 | D:14     | Found a gate to the Vaults.
 23315 | D:15     | Entered Level 15 of the Dungeon
 23647 | D:6      | Bought a pair of runed gloves for 232 gold pieces
 23867 | D:15     | Found a staircase to the Depths.
 24732 | Orc:1    | Entered Level 1 of the Orcish Mines
 25012 | Orc:2    | Entered Level 2 of the Orcish Mines
 25366 | Orc:2    | Found a staircase to the Elven Halls.
 25521 | Orc:1    | Received a gift from Trog
 25689 | Orc:1    | Found Ruet's Weapon Emporium.
 26145 | Orc:2    | Found Asyrah's Distillery.
 26340 | Orc:2    | Found Rejaf's Antique Armour Emporium.
 26345 | Orc:2    | Found Zibrax's Book Shoppe.
 26351 | Orc:2    | Reached skill level 10 in Conjurations
 26351 | Orc:2    | Reached skill level 10 in Hexes
 26351 | Orc:2    | Reached skill level 10 in Summonings
 26351 | Orc:2    | Reached skill level 10 in Necromancy
 26351 | Orc:2    | Reached skill level 10 in Translocations
 26351 | Orc:2    | Reached skill level 10 in Fire Magic
 26351 | Orc:2    | Reached skill level 10 in Ice Magic
 26351 | Orc:2    | Reached skill level 10 in Air Magic
 26351 | Orc:2    | Reached skill level 10 in Earth Magic
 26351 | Orc:2    | Reached skill level 10 in Alchemy
 26880 | Spider:1 | Entered Level 1 of the Spider Nest
 27144 | Shoals:1 | Entered Level 1 of the Shoals
 27350 | Shoals:1 | Received a gift from Trog
 27614 | Shoals:1 | Noticed Roxanne
 27637 | Shoals:1 | Killed Roxanne
 27637 | Shoals:1 | Hit by a boomerang thrown by a merfolk

Illustrated notes

Levels and vault maps discovered:
D:1:      onia_arrival_handbag, layout_basic, st_stairs_9
D:2:      layout_basic, small_statue_intersection, kennysheep_generic_room_7
D:3:      layout_basic, minitemple
D:4:      cheibrodos_fertilizer, layout_basic, overflow_temple_1_default,
          mainiacjoe_overflow_concentric_impassable, temple_pool_b,
          serial_shops, shop, kennysheep_generic_room_4, uniq_eustachio
D:5:      minmay_opposing_rooms, layout_loops_corners
D:6:      layout_loops_cross, nicolae_gozag_seed_capital, amcnicky_altar_gilded,
          makhleb_altar_promises_db, serial_shops, shop, shop_fountains, shop,
          shop, shop
D:7:      layout_cave_pools, gammafunk_temple_overflow_wave,
          kennysheep_minor_cross, kennysheep_nub, kennysheep_decorative_pillar
D:8:      layout_rooms, grunt_dithmenos_smoke, enter_bailey_2, item_on_display_a
D:9:      layout_basic, erik_orc_1, uniq_maggie, uniq_pikel
D:10:     layout_small_grid
D:11:     layout_cave_pools, david_lair_shrubbed, serial_shops, shop,
          amcnicky_mini_pool_medium
D:12:     minmay_the_grid_square_5x5_5x5_mashed [minmay_the_grid_square_5x5_z,
          minmay_the_grid_square_5x5_broken_cross,
          minmay_the_grid_square_5x5_two, minmay_the_grid_square_5x5_lines,
          minmay_the_grid_square_5x5_three,
          minmay_the_grid_square_5x5_two_walls_b,
          minmay_the_grid_square_5x5_prize_deathbox,
          minmay_the_grid_square_5x5_plus,
          minmay_the_grid_square_5x5_prize_waves,
          minmay_the_grid_square_5x5_shuriken,
          minmay_the_grid_square_5x5_inner_z, minmay_the_grid_square_5x5_fat_x,
          minmay_the_grid_square_5x5_prize_gold,
          minmay_the_grid_square_5x5_slash,
          minmay_the_grid_square_5x5_checkered,
          minmay_the_grid_square_5x5_intrusive_squares,
          minmay_the_grid_square_5x5_prize_monsterx,
          minmay_the_grid_square_5x5_beaten_path,
          minmay_the_grid_square_5x5_prize_pseudospiral,
          minmay_the_grid_square_5x5_checkered_sparse,
          minmay_the_grid_square_5x5_bridge,
          minmay_the_grid_square_5x5_bracketed,
          minmay_the_grid_square_5x5_forky, minmay_the_grid_square_5x5_longway,
          minmay_the_grid_square_5x5_one_wall], layout_loops_ring,
          xom_teletrap_fun, uniq_psyche
D:13:     layout_stronghold, gauntlet_entry_generic, nicolae_ashenzari_skybound,
          uniq_kirke, uniq_lodul, uniq_rupert
D:14:     layout_grid_maze, ximxim_vaults_locker_room,
          chequers_serial_rivers_micro_c, nicolae_trove_entry_path_of_doom
D:15:     gammafunk_depths_entry_grave, layout_basic, hex_tiny, wad_dig_loot
Lair:1:   layout_loops_ring, nicolae_volcano_entry_vermiform
Lair:2:   layout_regular_city, dummy_spider_entry, columned_hall_lemuel,
          infiniplex_staircase_pool
Lair:3:   layout_regular_city, elwin_shoals_entry_stream,
          portal_ice_cave_entry_ice_simulacra, lemuel_fruit_tree,
          infiniplex_staircase_pool_2, grunt_megastairs_3
Lair:4:   layout_gridlike, minmay_slime_entry_pillars
Lair:5:   hangedman_lair_tendril_chambers, layout_cave_shapes,
          serial_bayou_shore_b, serial_bayou_shore_b
Shoals:1: layout_shoals, nicolae_shoals_land_atoll, uniq_roxanne
Spider:1: layout_spider_delve
Orc:1:    layout_caves, basic_altar, serial_shops,
          nicolae_shop_bloodbath_and_beyond
Orc:2:    st_orc_town, layout_caves

Skill      XL: |  1  2  3  4  5  6  7  8  9 10 11 12 13 14 15 16 17 |
---------------+----------------------------------------------------+-----
Invocations    | 1 2 3 4 5 6 7 8 10 11 12 13 | 13.0
Short Blades   | 1 2 3 5 6 7 8 9 10 11 12 | 12.0
Long Blades    | 1 2 3 5 6 7 8 9 10 11 12 | 12.0
Maces & Flails | 1 2 3 5 6 7 8 9 10 11 12 | 12.0
Polearms       | 1 2 3 5 6 7 8 9 10 11 12 | 12.0
Staves         | 1 2 3 5 6 7 8 9 10 11 12 | 12.0
Ranged Weapons | 1 2 3 5 6 7 8 9 10 11 12 | 12.0
Throwing       | 1 2 3 5 6 7 8 9 10 11 12 | 12.0
Stealth        | 1 2 3 5 6 7 8 9 10 11 12 | 12.0
Shields        | 1 2 3 5 6 7 8 9 10 11 12 | 12.0
Unarmed Combat | 1 2 3 5 6 7 8 9 10 11 12 | 12.0
Spellcasting   | 1 2 3 5 6 7 8 9 10 11 12 | 12.0
Evocations     | 1 2 3 5 6 7 8 9 10 11 12 | 12.0
Shapeshifting  | 1 2 3 4 5 6 7 8 9 10 11 | 11.1
Conjurations   | 1 2 3 4 5 6 7 8 9 10 | 10.2
Hexes          | 1 2 3 4 5 6 7 8 9 10 | 10.2
Summonings     | 1 2 3 4 5 6 7 8 9 10 | 10.2
Necromancy     | 1 2 3 4 5 6 7 8 9 10 | 10.2
Translocations | 1 2 3 4 5 6 7 8 9 10 | 10.2
Fire Magic     | 1 2 3 4 5 6 7 8 9 10 | 10.2
Ice Magic      | 1 2 3 4 5 6 7 8 9 10 | 10.2
Air Magic      | 1 2 3 4 5 6 7 8 9 10 | 10.2
Earth Magic    | 1 2 3 4 5 6 7 8 9 10 | 10.2
Alchemy        | 1 2 3 4 5 6 7 8 9 10 | 10.2
Armour         | 5 6 7 8 9 10 11 12 | 12.8
Dodging        | 5 6 7 8 9 10 11 12 | 12.8
Fighting       | 7 8 9 10 11 12 13 | 13.6
Axes           | 7 8 9 10 11 12 13 | 13.6

Action                     |  1- 3 |  4- 6 |  7- 9 | 10-12 | 13-15 | 16-18 || total
---------------------------+-------+-------+-------+-------+-------+-------++-------
  Melee: Hand axe          |   116 |    17 |       |       |       |       ||   133
         Bite              |     7 |     8 |    21 |    78 |    98 |   194 ||   406
         Punch             |     2 |     2 |     4 |     3 |       |       ||    11
         War axe           |       |   111 |   273 |   549 |   537 |  1107 ||  2577
         Morningstar       |       |       |       |       |    25 |       ||    25
         Demon blade       |       |       |       |       |       |    13 ||    13
         Broad axe         |       |       |       |       |       |    30 ||    30
  Throw: Dart              |       |       |       |     3 |   111 |   135 ||   249
         Boomerang         |       |       |       |       |   109 |    28 ||   137
         Javelin           |       |       |       |       |       |     6 ||     6
 Invoke: Berserk           |     1 |     3 |     3 |    12 |    14 |    19 ||    52
         Trog's Hand       |     1 |     2 |       |    10 |     3 |    21 ||    37
         Brothers in Arms  |       |       |       |     1 |       |     3 ||     4
Ability: Evoke Blink       |       |       |       |       |       |     2 ||     2
  Evoke: Wand              |       |       |       |     1 |     1 |     1 ||     3
         Tin of tremorston |       |       |       |       |       |     3 ||     3
         Sack of spiders   |       |       |       |       |       |     1 ||     1
    Use: Scroll            |       |     8 |    10 |     8 |     4 |     3 ||    33
         Potion            |       |       |       |     3 |     1 |     2 ||     6
   Stab: Sleeping          |     1 |       |     1 |     5 |     1 |     1 ||     9
         Distracted        |       |       |     1 |       |       |     2 ||     3
 Armour: Animal skin       |    20 |       |       |       |       |       ||    20
         Leather armour    |    17 |       |       |       |       |       ||    17
         Ring mail         |    21 |    94 |   220 |    90 |       |       ||   425
         Chain mail        |       |       |       |   110 |    14 |   620 ||   744
         Swamp dragon scal |       |       |       |   235 |   402 |   156 ||   793
         Plate armour      |       |       |       |    12 |       |   295 ||   307
         Skin              |       |       |       |       |       |     1 ||     1
  Dodge: Dodged            |    71 |    76 |   180 |   396 |   417 |   589 ||  1729
  Block: Kite shield       |       |       |       |       |       |   598 ||   598

Table legend: (Time is in decaauts)
 A = Elapsed time spent in this place.
 B = Non-inter-level travel time spent in this place.
 C = Inter-level travel time spent in this place.
 D = Time resting spent in this place.
 E = Time spent auto-exploring this place.
 F = Levels seen in this place.
 G = Mean time per level.
                   A        B        C        D        E       F      G
               +--------+--------+--------+--------+--------+-----+--------+
         Total |  27997 |  25681 |   2316 |   3107 |  15492 |  29 |  965.4 |
       Dungeon |  15730 |  14237 |   1493 |   1038 |   9627 |  15 | 1048.7 |
          Lair |   6554 |   5860 |    694 |    618 |   3839 |   5 | 1310.8 |
        Shoals |    496 |    449 |     47 |     16 |    231 |   1 |  496.0 |
   Spider Nest |      9 |      9 |      0 |      0 |      0 |   1 |    9.0 |
  Orcish Mines |   2021 |   1941 |     80 |    397 |    925 |   2 | 1010.5 |
         Trove |     76 |     76 |      0 |      0 |      2 |   1 |   76.0 |
        Bailey |    437 |    437 |      0 |      9 |    182 |   1 |  437.0 |
      Ice Cave |   1772 |   1772 |      0 |    945 |    346 |   1 | 1772.0 |
       Volcano |    414 |    414 |      0 |     29 |     79 |   1 |  414.0 |
      Gauntlet |    483 |    483 |      0 |     52 |    260 |   1 |  483.0 |
               +--------+--------+--------+--------+--------+-----+--------+

Top non-repeatable levels by time:
   IceCv: 1772 daAuts
  Lair:5: 1627 daAuts
     D:5: 1561 daAuts
    D:14: 1459 daAuts
  Lair:2: 1386 daAuts
    D:13: 1355 daAuts
  Lair:4: 1311 daAuts
    D:12: 1260 daAuts
  Lair:3: 1228 daAuts
     D:4: 1209 daAuts
     D:9: 1130 daAuts
   Orc:1: 1122 daAuts
     D:2: 1087 daAuts
  Lair:1: 1000 daAuts
     D:3: 973 daAuts
